 Dungeon Crawl Stone Soup version 0.26-a0-778-g3fe0686644 (webtiles) character file.

Game seed: 3007019232823778631

9 FieryCelt13 the Sneak (level 2, -4/24 HPs)
             Began as a Demonspawn Delver on Nov 9, 2020.
             Slain by a worm (7 damage)
             ... on level 3 of the Dungeon.
             The game lasted 00:01:21 (317 turns).

FieryCelt13 the Sneak (Demonspawn Delver)            Turns: 317, Time: 00:01:22

Health: -4/24      AC:  5    Str: 12    XL:     2   Next: 6%
Magic:  2/2        EV: 12    Int: 11    God:
Gold:   0          SH:  0    Dex: 14    Spells: 1/1 levels left

rFire    . . .     SeeInvis .   a - +0 spear
rCold    . . .     Faith    .   (no shield)
rNeg     . . .     Spirit   .   b - +0 leather armour
rPois    .         Reflect  .   (no helmet)
rElec    .         Harm     .   (no cloak)
rCorr    .         Rampage  .   (no gloves)
MR       .....                  (no boots)
Stlth    +++.......             (no amulet)
HPRegen  0.08/turn              (no ring)
MPRegen  0.08/turn              (no ring)

@: no status effects
A: yellow scales 1
a: no special abilities


You were on level 3 of the Dungeon.
You visited 1 branch of the dungeon, and saw 3 of its levels.

Inventory:

Hand Weapons
 a - a +0 spear (weapon)
Armour
 b - a +0 leather armour (worn)
Wands
 g - a wand of digging (3)
Scrolls
 c - a scroll of fog
 d - a scroll of magic mapping
 e - a scroll of fear
 h - a scroll of blinking {unknown}
 i - a scroll of amnesia {unknown}
Potions
 f - a potion of haste


   Skills:
 + Level 3.2 Fighting
 + Level 1.8 Polearms
 + Level 1.7 Dodging
 + Level 4.8 Stealth


You had one spell level left.
You didn't know any spells.
Your spell library was empty.

Dungeon Overview and Level Annotations

Branches:
Dungeon (5/15)
 Temple: D:4-7

Altars:
Fedhas
Xom


Innate Abilities, Weirdness & Mutations

You are partially covered in yellow scales. (AC +2)


Message History

You hit the worm.
The worm is moderately wounded.
The worm closely misses you.
You hit the worm.
The worm is moderately wounded.
You hit the worm but do no damage.
The worm is moderately wounded.
The worm barely misses you.
You hit the worm.
The worm is moderately wounded.
The worm barely misses you.
You barely miss the worm.
The worm is moderately wounded.
You hit the worm.
The worm is severely wounded.
The worm barely misses you.
You barely miss the worm.
The worm is heavily wounded.
The worm bites you!
You die...

.'.........#
.#########.#
#.# #.# #.# #.#
#.# ########.#
........@#
######.w#
#..###########.
#..............
#..............
#.#####.#####..
#.#####.w...#
#.##....###.# .
####....## .#
.)


You could see a worm.

Vanquished Creatures
  A leopard gecko (D:3)
  3 orcs (D:4)
  A hobgoblin (D:3)
5 creatures vanquished.

Vanquished Creatures (others)
  5 fungi (D:4)
  4 toadstools (D:4)
9 creatures vanquished.

Grand Total: 14 creatures vanquished

Notes
Turn   | Place    | Note
-------+----------+-------------------------------------------
     0 | D:5      | FieryCelt13 the Demonspawn Delver began the quest for the
                  | Orb.
     0 | D:5      | Reached XP level 1. HP: 18/18 MP: 1/1
    19 | D:5      | Found a blossoming altar of Fedhas.
    21 | D:5      | Noticed an iguana
    24 | D:5      | Noticed a hound
    62 | D:4      | Noticed an ogre
   236 | D:3      | Found a shimmering altar of Xom.
   254 | D:3      | Gained mutation: You are partially covered in yellow
                  | scales. (AC +2) [demonic ancestry]
   254 | D:3      | Reached XP level 2. HP: 10/24 MP: 2/2
   259 | D:3      | HP: 1/24 [worm (2)]
   317 | D:3      | Slain by a worm

Illustrated notes

Levels and vault maps discovered:
D:3:      layout_basic, nicolae_overflow_crystal_walls, uniq_crazy_yiuf_cottage
D:4:      layout_rooms, minivault_5, grunt_decor_junction,
          minmay_gold_behind_fungi
D:5:      layout_loops_ring, fedhas_altar_2

Action                   || total
-------------------------++-------
Melee: Spear             ||    36
Armor: Leather armour    ||     2
Dodge: Dodged            ||    17

Table legend: (Time is in decaauts)
 A = Elapsed time spent in this place.
 B = Non-inter-level travel time spent in this place.
 C = Inter-level travel time spent in this place.
 D = Time resting spent in this place.
 E = Time spent auto-exploring this place.
 F = Levels seen in this place.
 G = Mean time per level.
                   A        B        C        D        E       F      G
               +--------+--------+--------+--------+--------+-----+--------+
         Total |    316 |    313 |      3 |    140 |     26 |   3 |  105.3 |
       Dungeon |    316 |    313 |      3 |    140 |     26 |   3 |  105.3 |
               +--------+--------+--------+--------+--------+-----+--------+

Top non-repeatable levels by time:
     D:4: 207 daAuts
     D:3: 82 daAuts
     D:5: 27 daAuts
